 Dungeon Crawl Stone Soup version 0.31-a0-1002-g8e65716e6e (webtiles) character file.

Game seed: 12803210016831202

19654 Nedwor the Basher (level 12, -2/107 (110) HPs)
             Began as a Minotaur Gladiator on Nov 10, 2023.
             Was an Elder of the Shining One.
             Slain by a skeletal warrior
             ... wielding a +0 battleaxe
              (18 damage)
             ... on level 12 of the Dungeon.
             The game lasted 00:19:57 (12629 turns).

Nedwor the Basher (Minotaur Gladiator)             Turns: 12629, Time: 00:19:58

HP:   -2/107 (110)  AC: 22    Str: 24    XL:     12   Next: 38%
MP:   11/11         EV:  6    Int:  7    God:    the Shining One [****..]
Gold: 912           SH: 21    Dex: 12    Spells: 11/11 levels left

rFire   . . .        r - +0 morningstar
rCold   + . .        s - +0 tower shield
rNeg    + + .        D - +0 plate armour
rPois   .            c - +1 hat
rElec   .            j - +0 cloak
rCorr   .            t - +2 pair of gloves of Experimentation {Int+2}
SInv    .            k - +0 pair of boots
Will    .....        f - amulet of Vadul {Reflect rC+ Regen+ SH+5} Stlth
                     (no ring)
HPRegen 1.17/turn    (no ring)
MPRegen 0.12/turn

%: reflection
@: glowing, lightly drained
A: horns 2, retaliatory headbutt
a: Renounce Religion, Divine Shield, Cleansing Flame


You were on level 12 of the Dungeon.
You worshipped the Shining One.
The Shining One was greatly pleased with you.
You visited 2 branches of the dungeon, and saw 13 of its levels.

You collected 912 gold pieces.

Inventory:

Hand Weapons
 r - a +0 morningstar (weapon)
Missiles
 d - 4 throwing nets (quivered)
 e - 4 javelins
Armour
 c - a +1 hat (worn)
 j - a +0 cloak (worn)
 k - a +0 pair of boots (worn)
 s - a +0 tower shield (worn)
 t - the +2 pair of gloves of Experimentation (worn) {Int+2}
   (You found it on level 8 of the Dungeon)

   Int+2:     It affects your intelligence (+2).
 D - a +0 plate armour (worn)
Jewellery
 f - the amulet of Vadul (around neck) {Reflect rC+ Regen+ SH+5}
   (You acquired it on level 6 of the Dungeon)

   [amulet of reflection]

   Reflect:   It reflects blocked missile attacks.
   rC+:       It protects you from cold.
   Regen+:    It increases your rate of health regeneration.
   SH+5:      It affects your SH (+5).
 H - an amulet of the acrobat
Wands
 o - a wand of roots (12)
 u - a wand of polymorph (14)
 v - a wand of charming (3)
 G - a wand of flame (8)
Scrolls
 a - 2 scrolls of poison
 g - a scroll of enchant armour
 h - 3 scrolls of amnesia
 m - a scroll of acquirement
 p - a scroll of immolation
 y - 2 scrolls of silence {unknown}
 z - 2 scrolls of brand weapon {unknown}
 A - 5 scrolls of fog
 B - 4 scrolls of teleportation
 F - a scroll of identify
 J - a scroll of blinking {unknown}
Potions
 b - a potion of magic
 i - 3 potions of enlightenment
 l - a potion of brilliance {unknown}
 n - 2 potions of mutation
 q - 2 potions of lignification
 w - a potion of heal wounds {unknown}
 x - 2 potions of might {unknown}
 C - 4 potions of curing
 E - 2 potions of cancellation {unknown}
 I - 2 potions of attraction


   Skills:
 + Level 11.5 Fighting
 - Level 9.9(12.7) Axes
 * Level 12.9(14.2) Maces & Flails
 - Level 2.0 Throwing
 + Level 11.2 Armour
 - Level 3.2 Dodging
 + Level 10.4 Shields


You had 11 spell levels left.
You didn't know any spells.
Your spell library contained the following spells:

 Spells                   Type           Power      Damage    Failure   Level
 Apportation              Tloc           0%         N/A       100%        1
 Magic Dart               Conj           0%         1d3       100%        1
 Call Imp                 Summ           0%         N/A       100%        2
 Jinxbite                 Hex            0%         N/A       100%        2
 Sublimation of Blood     Necr           0%         N/A       100%        2
 Frozen Ramparts          Ice            0%         1d1       100%        3
 Gell's Gravitas          Tloc           0%         N/A       100%        3
 Mephitic Cloud           Conj/Pois/Air  0%         N/A       100%        3
 Teleport Other           Tloc           0%         N/A       100%        3
 Petrify                  Tmut/Erth      0%         N/A       100%        4
 Alistair's Intoxication  Tmut/Pois      0%         N/A       100%        5
 Irradiate                Conj/Tmut      0%         3d11      100%        5
 Metabolic Englaciation   Hex/Ice        0%         N/A       100%        5
 Conjure Ball Lightning   Conj/Air       0%         3x3d6     100%        6
 Dispersal                Tloc           0%         N/A       100%        6
 Discord                  Hex            0%         N/A       100%        8
 Disjunction              Tloc           0%         N/A       100%        8


Dungeon Overview and Level Annotations

Branches:
Dungeon (12/15)            Temple (1/1) D:7            Lair (0/5) D:9
    Orc (0/2) D:11

Altars:
Ashenzari
Cheibriados
Dithmenos
Elyvilon
Fedhas
Gozag
Hepliaklqana
Kikubaaqudgha
Makhleb
Nemelex Xobeh
Okawaru
Qazlal
Ru
Sif Muna
Trog
Uskayaw
Vehumet
Wu Jian
Xom
Yredelemnul
Zin
The Shining One

Shops:
D:3 [   D:5 ![*   D:11 (([(

Annotations:
D:11 2 transporters


Innate Abilities, Weirdness & Mutations

You have a pair of horns on your head.
You reflexively headbutt those who attack you in melee.


Message History

You block the skeletal warrior's attack.
You hit the skeletal warrior but do no damage.
You headbutt the skeletal warrior, but do no damage.
The skeletal warrior is severely damaged.
The skeletal warrior hits you from afar with a +0 trident!
You block the skeletal warrior's attack. x3
You barely miss the skeletal warrior.
The skeletal warrior is severely damaged.
You block the skeletal warrior's attack.
The skeletal warrior hits you but does no damage.
You block the skeletal warrior's attack. x2
You puncture the skeletal warrior!
The skeletal warrior is almost destroyed.
You block the skeletal warrior's attack.
The skeletal warrior hits you but does no damage.
The skeletal warrior hits you with a +0 battleaxe.
The skeletal warrior hits you with a +1 battleaxe of draining!
You partially resist.
You feel drained.
You hit the skeletal warrior but do no damage.
You headbutt the skeletal warrior!
The skeletal warrior is lightly damaged.
You block the skeletal warrior's attack.
The skeletal warrior hits you but does no damage.
You block the skeletal warrior's attack.
The skeletal warrior hits you with a +1 battleaxe of draining!!
* * * LOW HITPOINT WARNING * * *
You partially resist.
You feel drained.
* * * LOW HITPOINT WARNING * * *
You hit the skeletal warrior but do no damage.
You headbutt the skeletal warrior, but do no damage.
The skeletal warrior is lightly damaged.
The skeletal warrior hits you from afar with a +0 trident.
* * * LOW HITPOINT WARNING * * *
You block the skeletal warrior's attack. x2
The skeletal warrior hits you but does no damage.
You partially resist.
The skeletal warrior attacks as it pursues you!
You block the skeletal warrior's attack.
The skeletal warrior hits you with a +0 battleaxe!!
You die...

#...................#
....####......#######....
.......#......#.....#....
.......#......#.>...#....
.......#......#.....#....
.......#......#####'#....
.......#.................
.>....)##################
......zz@................
......zz.................
............##########...
............# #...
............# #...
............# #...
............##########...
.........................
............##########


You could see 4 skeletal warriors.

Vanquished Creatures
  Josephine (D:10)
  3 two-headed ogres
  A skeletal warrior (D:12)
  An ugly thing (D:12)
  A manticore (D:12)
  2 cyclopes
  A gargoyle (D:12)
  An unseen horror (D:12)
  2 komodo dragons
  2 hornets
  3 shadows
  Sigmund (D:2)
  31 yaks
  8 wraiths
  A steam dragon (D:10)
  6 vampire mosquitoes
  2 acid dragons (D:11)
  23 water moccasins
  A swamp drake (D:10)
  An orc warrior (D:8)
  4 black bears (D:9)
  An ice beast (D:5)
  3 ogres
  6 centaurs
  A phantom (D:5)
  3 kobold brigands
  5 bullfrogs
  A gnoll sergeant (D:12)
  2 scorpions
  5 wights (D:8)
  10 killer bees
  A howler monkey (D:10)
  4 hounds
  4 jellies
  4 orc priests
  A sleepcap (D:6)
  A gnoll bouda (D:8)
  3 iguanas
  Natasha (twice) (D:2)
  6 orc wizards
  20 adders
  11 gnolls
  A shadow imp (D:7)
  2 white imps
  4 ufetubi (D:5)
  2 worms
  3 dart slugs
  28 orcs
  7 ball pythons
  5 bats
  4 endoplasms
  10 goblins
  9 hobgoblins
  14 jackals
  10 quokkas
  4 frilled lizards
  19 kobolds
  9 rats
  A spectral orc (D:3)
322 creatures vanquished.

Vanquished Creatures (others)
  An adder (D:10)
1 creature vanquished.

Grand Total: 323 creatures vanquished

Notes
Turn   | Place    | Note
-------+----------+-------------------------------------------
     0 | D:1      | Nedwor the Minotaur Gladiator began the quest for the Orb.
     0 | D:1      | Reached XP level 1. HP: 18/18 MP: 0/0
    87 | D:1      | Reached XP level 2. HP: 23/25 MP: 1/1
   131 | D:1      | Reached skill level 1 in Armour
   629 | D:1      | Reached XP level 3. HP: 23/31 MP: 2/2
  1389 | D:2      | Reached XP level 4. HP: 38/38 MP: 3/3
  1396 | D:2      | Reached skill level 5 in Axes
  1793 | D:2      | Noticed Sigmund
  1800 | D:2      | Killed Sigmund
  1801 | D:2      | Reached XP level 5. HP: 31/46 MP: 4/4
  1896 | D:2      | Noticed Natasha
  1903 | D:2      | Killed Natasha
  1904 | D:2      | Reached XP level 6. HP: 47/52 MP: 5/5
  2048 | D:2      | Noticed Natasha
  2054 | D:2      | Killed Natasha
  2446 | D:3      | Found a basalt altar of Yredelemnul.
  2620 | D:3      | Found Gakopnupt's Antique Armour Emporium.
  3914 | D:4      | Found an opulent altar of Gozag.
  4135 | D:4      | Reached skill level 1 in Shields
  4135 | D:4      | Reached XP level 7. HP: 57/60 MP: 6/6
  4471 | D:5      | Entered Level 5 of the Dungeon
  4489 | D:5      | Reached skill level 5 in Fighting
  4515 | D:5      | Identified the +0 ring mail of Juqiukk {Will+}
  4847 | D:5      | Found Qyoff's Assorted Antiques.
  4873 | D:5      | Found Bibb's Armour Emporium.
  4906 | D:5      | Found Xucotux's Distillery.
  5113 | D:5      | Reached skill level 5 in Armour
  5113 | D:5      | Reached XP level 8. HP: 68/70 MP: 7/7
  5132 | D:5      | Found a white marble altar of Elyvilon.
  5135 | D:5      | Found a glowing silver altar of Zin.
  5136 | D:5      | Found a bloodstained altar of Trog.
  6931 | D:6      | Identified a scroll of acquirement
  6931 | D:6      | Acquired the amulet of Vadul {Reflect rC+ Regen+ SH+5}
  7096 | D:7      | Found a staircase to the Ecumenical Temple.
  7174 | D:7      | Found a glowing golden altar of the Shining One.
  7347 | Temple   | Entered the Ecumenical Temple
  7462 | D:7      | Became a worshipper of the Shining One
  8014 | D:8      | Reached skill level 1 in Maces & Flails
  8014 | D:8      | Reached XP level 9. HP: 73/78 MP: 8/8
  8038 | D:8      | Reached skill level 2 in Maces & Flails
  8038 | D:8      | Reached skill level 5 in Shields
  8092 | D:8      | Found a burning altar of Makhleb.
  8117 | D:8      | Reached skill level 3 in Maces & Flails
  8170 | D:8      | Identified the staff of the Brewing Messenger {rElec Will+
                  | Int+3 Air}
  8174 | D:8      | Reached * piety under the Shining One
  8300 | D:8      | Reached skill level 4 in Maces & Flails
  8343 | D:8      | Identified the +2 pair of gloves of Experimentation {Int+2}
  8463 | D:8      | Reached skill level 5 in Maces & Flails
  8701 | D:8      | Reached skill level 6 in Maces & Flails
  8706 | D:8      | Reached XP level 10. HP: 66/88 MP: 9/9
  9275 | D:8      | Reached skill level 7 in Maces & Flails
  9872 | D:9      | Reached skill level 8 in Maces & Flails
  9877 | D:9      | Found a shadowy altar of Dithmenos.
  9917 | D:9      | Noticed a two-headed ogre
  9922 | D:9      | Found a staircase to the Lair.
  9926 | D:9      | Killed a two-headed ogre
  9962 | D:9      | Reached skill level 9 in Maces & Flails
 10059 | D:9      | Found a snail-covered altar of Cheibriados.
 10110 | D:10     | Entered Level 10 of the Dungeon
 10117 | D:10     | Found a blossoming altar of Fedhas.
 10175 | D:10     | Reached ** piety under the Shining One
 10192 | D:10     | Noticed Josephine
 10196 | D:10     | Reached XP level 11. HP: 99/99 MP: 10/10
 10204 | D:10     | Killed Josephine
 10301 | D:10     | Reached skill level 10 in Maces & Flails
 10305 | D:10     | Reached skill level 10 in Fighting
 10782 | D:10     | Reached skill level 10 in Armour
 10901 | D:10     | Reached skill level 11 in Maces & Flails
 11292 | D:11     | Found Poizinar's Weapon Shoppe.
 11326 | D:11     | Found Hiulaon's Armour Boutique.
 11599 | D:11     | Noticed a two-headed ogre
 11604 | D:11     | Reached *** piety under the Shining One
 11610 | D:11     | Killed a two-headed ogre
 11647 | D:11     | Found a staircase to the Orcish Mines.
 11661 | D:11     | Noticed a centaur warrior
 11707 | D:11     | Found Govostu's Weapon Shoppe.
 11807 | D:11     | Found Huses's Weapon Emporium.
 11891 | D:11     | Found a transporter.
 11895 | D:11     | Noticed a two-headed ogre
 11967 | D:11     | Noticed a yaktaur captain
 11970 | D:11     | Found a transporter.
 12072 | D:11     | Reached skill level 12 in Maces & Flails
 12076 | D:11     | Reached XP level 12. HP: 110/110 MP: 11/11
 12258 | D:12     | Noticed a two-headed ogre
 12273 | D:12     | Killed a two-headed ogre
 12274 | D:12     | Reached skill level 10 in Shields
 12283 | D:11     | Reached **** piety under the Shining One
 12629 | D:12     | Slain by a skeletal warrior

Illustrated notes

Levels and vault maps discovered:
D:1:      minmay_arrival_cross, layout_basic, serial_aquarium,
          aquarium_bridge_square [aquarium_subvault_balcony,
          aquarium_subvault_wall, aquarium_subvault_bridge,
          aquarium_subvault_bridge], aquarium_window_2, aquarium_window_double,
          aquarium_window_fake, aquarium_view_2c, aquarium_view_2b,
          aquarium_balcony_double_4, aquarium_pool_four
D:2:      layout_basic, uniq_natasha, uniq_sigmund
D:3:      layout_basic, yredelemnul_forgotten_temple_becter, serial_shops,
          nicolae_shop_dealshenge, minmay_misc_feat_enclosed
D:4:      layout_cave_pods, kennysheep_mini
D:5:      layout_basic, gammafunk_temple_overflow_forgotten, serial_shops,
          nicolae_shop_getting_attention, shop, shop, serial_aquarium,
          aquarium_bridge_long_joined [aquarium_subvault_window,
          aquarium_subvault_bridge, aquarium_subvault_bridge,
          aquarium_subvault_window, aquarium_subvault_window,
          aquarium_subvault_bridge], aquarium_bridge_island_small
          [aquarium_subvault_small_open, aquarium_subvault_bridge,
          aquarium_subvault_wall, aquarium_subvault_balcony,
          aquarium_subvault_bridge], aquarium_window_corner, aquarium_window_1,
          aquarium_view_2c, minmay_misc_feat_alley
D:6:      layout_basic
D:7:      layout_cave_pods, tso_metal_star, temple_pool_b,
          chequers_serial_rivers_micro_c
D:8:      layout_basic, old_standard_altar
D:9:      layout_big_octagon, mainiacjoe_overflow_brackets,
          nicolae_dithmenos_through_a_glass_darkly, due_lair_maze_entry_diamond,
          enter_bailey_6
D:10:     lemuel_reptile_caves, layout_irregular_city,
          overflow_temple_1_default, serial_column_ruins, column_ruins_hut,
          column_ruins_hut, column_ruins_open_tiny, column_ruins_open_large,
          column_ruins_open_tiny, uniq_josephine
D:11:     gammafunk_the_bubble [the_bubble_gammafunk_split], layout_grid_maze,
          orc_0_dummy, serial_shops, nicolae_shop_bloodbath_and_beyond,
          nicolae_stop_n_shop_2, nicolae_shop_gibbet_a_chance,
          nicolae_shop_peninsula, minivault_10, dreamdust_princess_corridor
D:12:     layout_irregular_city
Temple:   minmay_temple_bridge_abc

Skill      XL: |  1  2  3  4  5  6  7  8  9 10 11 12 |
---------------+-------------------------------------+-----
Axes           | 4 6 7 8 9 |  9.9
Armour         | 1 2 3 4 5 6 7 9 10 11 | 11.2
Fighting       | 3 4 5 6 8 9 11 | 11.5
Shields        | 1 2 4 6 8 9 10 | 10.4
Maces & Flails | 1 6 9 12 | 12.9
Throwing       | |  2.0
Dodging        | |  3.2

Action                     |  1- 3 |  4- 6 |  7- 9 | 10-12 || total
---------------------------+-------+-------+-------+-------++-------
  Melee: War axe           |    92 |   136 |   152 |       ||   380
         Headbutt          |     9 |    18 |    63 |   148 ||   238
         Punch             |       |     1 |       |       ||     1
         Morningstar       |       |       |   126 |   463 ||   589
    Use: Scroll            |       |       |    16 |     2 ||    18
         Potion            |       |       |       |     1 ||     1
   Stab: Sleeping          |     1 |     1 |       |       ||     2
 Armour: Leather armour    |    61 |    33 |       |       ||    94
         Chain mail        |       |    93 |   250 |   264 ||   607
         Plate armour      |       |       |       |   132 ||   132
  Dodge: Dodged            |    67 |    72 |    76 |   122 ||   337
  Block: Tower shield      |       |    60 |   256 |   648 ||   964
         Reflection        |       |       |     9 |    11 ||    20

Table legend: (Time is in decaauts)
 A = Elapsed time spent in this place.
 B = Non-inter-level travel time spent in this place.
 C = Inter-level travel time spent in this place.
 D = Time resting spent in this place.
 E = Time spent auto-exploring this place.
 F = Levels seen in this place.
 G = Mean time per level.
                   A        B        C        D        E       F      G
               +--------+--------+--------+--------+--------+-----+--------+
         Total |  12909 |  12241 |    668 |   1562 |   8390 |  13 |  993.0 |
       Dungeon |  12826 |  12182 |    644 |   1562 |   8390 |  12 | 1068.8 |
        Temple |     82 |     59 |     23 |      0 |      0 |   1 |   82.0 |
               +--------+--------+--------+--------+--------+-----+--------+

Top non-repeatable levels by time:
     D:8: 1883 daAuts
     D:5: 1381 daAuts
     D:3: 1316 daAuts
    D:10: 1215 daAuts
     D:6: 1205 daAuts
     D:4: 1102 daAuts
     D:2: 1102 daAuts
     D:1: 1085 daAuts
    D:11: 1006 daAuts
     D:7: 849 daAuts
    D:12: 361 daAuts
     D:9: 317 daAuts
  Temple: 82 daAuts
